AoeStats
← sandro.zanda1

Arabia

510875912Analyzed
1v1 RM · 1d ago on Oct 2, 2026· 44m 11s· 2 players
Game mode
Random Map
Map size
Tiny (2 player)
Population
200
Speed
Normal
Resources
Standard
Victory
Conquest
Starting age
Dark Age
Ending age
Imperial Age
RankedLock teamsTeams togetherTeam positionsShared explorationLock speedFull tech treeHidden civsTurbo modeCheats
Victory
Defeat
🇦🇷 Mongols · Argentina
1025
+15
🇧🇷 Varangians · Brazil
993
-15
sandro.zanda1
10:25 Feudal Age
8:41 Loom
10:57 Double-Bit Axe
10:54 Horse Collar
20:13 Castle Age
19:55 Scale Barding Armor
21:04 Bloodlines
25:49 Husbandry
30:50 Chain Barding Armor
32:59 Pikeman
34:34 Gold Mining
35:23 Forging
34:58 Pikeman
37:39 Iron Casting
changochan
0:29 Loom
12:05 Feudal Age
14:09 Bloodlines
14:27 Forging
16:05 Scale Barding Armor
21:33 Town Watch
21:54 Scale Mail Armor
25:42 Castle Age
24:58 Horse Collar
25:13 Double-Bit Axe
25:22 Gold Mining
25:57 Pikeman
34:28 Husbandry
37:09 Fletching
37:20 Padded Archer Armor
40:05 Bodkin Arrow
42:31 Leather Archer Armor
43:11 Ballistics
44:55 Thumb Ring
Connection lost

Rejoining the realm…

Still unreachable

The connection could not be restored.

Session expired

The server has moved on; the page needs a fresh start.